 Dungeon Crawl Stone Soup version 0.31-a0-217-g58bb5d79cf (webtiles) character file.

Game seed: 16773814150685407401

105 Ijustatesigmund the Stinger (level 4, -4/28 HPs)
             Began as an Octopode Venom Mage on July 3, 2023.
             Slain by a sky beast (6 damage)
             ... on level 3 of the Dungeon.
             The game lasted 00:04:01 (2988 turns).

Ijustatesigmund the Stinger (Octopode Venom Mage)   Turns: 2988, Time: 00:04:01

Health: -4/28      AC:  1    Str:  7    XL:     4   Next: 81%
Magic:  7/8        EV: 13    Int: 19    God:
Gold:   109        SH:  0    Dex: 12    Spells: 2/8 levels left

rFire   . . .        b - +2 dagger (protect)
rCold   + . .        (no shield)
rNeg    + . .        (helmet restricted)
rPois   .            (no amulet)
rElec   .            e - ring of positive energy
rCorr   .            f - ring of protection from cold
SInv    .            (no ring)
Will    .....        (no ring)
Stlth   +++          (no ring)
HPRegen 0.24/turn    (no ring)
MPRegen 0.11/turn    (no ring)
                     (no ring)

%: no passive effects
@: no status effects
A: almost no armour, amphibious, 8 rings, camouflage 1, gelatinous body 1,
(nimble swimmer 1), tentacles
a: no special abilities


You were on level 3 of the Dungeon.
You visited 1 branch of the dungeon, and saw 3 of its levels.

You collected 109 gold pieces.

Inventory:

Hand Weapons
 b - a +2 dagger of protection (weapon)
Jewellery
 e - a ring of positive energy (left tentacle)
 f - a ring of protection from cold (right tentacle)
 g - a ring of ice
Scrolls
 d - a scroll of identify
Potions
 a - a potion of magic


   Skills:
 - Level 1.2 Fighting
 - Level 2.0 Dodging
 - Level 2.6 Stealth
 + Level 2.8 Spellcasting
 + Level 1.3 Conjurations
 - Level 1.0 Transmutations
 + Level 1.6 Air Magic
 + Level 4.5 Poison Magic


You had 2 spell levels left.
You knew the following spells:

 Your Spells              Type           Power      Damage    Failure   Level
a - Sting                 Tmut/Pois      52%        1d5       4%          1
b - Poisonous Vapours     Pois/Air       28%        N/A       7%          2
c - Mephitic Cloud        Conj/Pois/Air  12%        N/A       17%         3

Your spell library contained the following spells:

 Spells                   Type           Power      Damage    Failure   Level
 Sublimation of Blood     Necr           2%         N/A       24%         2
 Olgreb's Toxic Radiance  Pois           20%        N/A       24%         4
 Petrify                  Tmut/Erth      4%         N/A       77%         4
 Irradiate                Conj/Tmut      3%         3d12      95%         5


Dungeon Overview and Level Annotations

Branches:
Dungeon (3/15)

Altars:
Qazlal


Innate Abilities, Weirdness & Mutations

You cannot wear most types of armour.
You are amphibious.
You can wear up to eight rings at the same time.
Your skin changes colour to match your surroundings (Stealth+).
Your rubbery body absorbs attacks. (AC +1, EV +1)
((You are camouflaged when in or above water. (Stealth+)))
You have tentacles for arms and can constrict up to eight enemies at once.


Message History

No target in view!
No target in view!
No target in view!
Found a stormy altar of Qazlal.
You see here a ball python corpse.
A sky beast comes into view.
The sky beast moves out of view.
A sky beast is nearby!
Casting: Poisonous Vapours (safe; 7% risk of failure)
Confirm with . or Enter, or press ? or * to list all spells.
Aiming: Poisonous Vapours (safe; 7% risk of failure)
Press: ? - help, Dir - move target, f - sky beast
Aim: a sky beast (wandering, hasn't noticed you) Poisonous vapours surround the sky beast!
The sky beast is poisoned.
The sky beast flickers out of sight!
Deactivating autopickup; reactivate with Ctrl-A.
Casting: Poisonous Vapours (safe; 7% risk of failure)
Confirm with . or Enter, or press ? or * to list all spells.
You can't see any susceptible monsters within range! (Use Z to cast anyway.)
You see here a ball python corpse.
You start resting.
Something hits you. Something shocks you.
You hit something.
Your weapon exudes an aura of protection.
Something hits you. Something shocks you.
You hit something. Something hits you. Something shocks you.
* * * LOW HITPOINT WARNING * * *
You miss something. Your squeeze misses something.
Something completely misses you.
It was a potion of heal wounds.
You feel much better. Something hits you but does no damage.
You miss something. Your squeeze misses something.
Something hits you but does no damage.
You barely miss something. Something hits you. Something shocks you.
You barely miss something. Something hits you. Something shocks you.
* * * LOW HITPOINT WARNING * * *
You barely miss something. You squeeze something. Something hits you.
* * * LOW HITPOINT WARNING * * *
Something shocks you.
You die...

#....... #....#.#.
#...#...# #..#..$..
#....._.. #########
#..#.....
#.......###...#...#
#.......@{.....#
#.......###........
#.......# ##.######
#..†....# .#
#####.######..
########.†....>....
#........#.........#
#....###.#.#######.#
#..†.# #.#.#


There were no monsters in sight!

Vanquished Creatures
  4 adders
  2 worms (D:2)
  3 dart slugs
  5 bats
  4 endoplasms
  2 giant cockroaches
  7 goblins
  6 hobgoblins
  2 quokkas (D:2)
  11 ball pythons
  6 frilled lizards
  3 kobolds
  4 rats
59 creatures vanquished.

Notes
Turn   | Place    | Note
-------+----------+-------------------------------------------
     0 | D:1      | Ijustatesigmund the Octopode Venom Mage began the quest for
                  | the Orb.
     0 | D:1      | Reached XP level 1. HP: 11/11 MP: 3/3
   219 | D:1      | Reached XP level 2. HP: 11/18 MP: 3/5
   366 | D:1      | Learned a level 2 spell: Poisonous Vapours
   394 | D:1      | Reached skill level 1 in Fighting
   606 | D:1      | Reached skill level 4 in Poison Magic
   904 | D:1      | Reached XP level 3. HP: 21/23 MP: 6/6
   908 | D:1      | Learned a level 3 spell: Mephitic Cloud
  1532 | D:2      | Reached skill level 1 in Air Magic
  1680 | D:2      | Reached XP level 4. HP: 16/28 MP: 2/7
  1930 | D:2      | Reached skill level 1 in Conjurations
  2969 | D:3      | Found a stormy altar of Qazlal.
  2970 | D:3      | Noticed a sky beast
  2988 | D:3      | Slain by a sky beast

Illustrated notes

Levels and vault maps discovered:
D:1:      dpeg_arrival_solitude, layout_basic
D:2:      minmay_razor_zed, layout_basic, st_stairs_2, nicolae_hexahallways
D:3:      corexii_shack_village, layout_basic, nicolae_qazlal_beasts_of_the_sky,
          serial_glass, glass_columns_a, glass_columns_b, due_unseen_surprise,
          item_on_display_a, serial_bayou_pond_b, uniq_grinder

Skill      XL: |  1  2  3  4 |
---------------+-------------+-----
Fighting       | 1 |  1.2
Poison Magic   | 4 |  4.5
Air Magic      | 1 |  1.6
Conjurations   | 1 |  1.3
Dodging        | |  2.0
Stealth        | |  2.6
Spellcasting   | |  2.8
Transmutations | |  1.0

Action                     |  1- 3 |  4- 6 || total
---------------------------+-------+-------++-------
  Melee: Short sword       |    68 |    11 ||    79
         Constrict         |    23 |     7 ||    30
         Tentacles         |    16 |     6 ||    22
         Dagger            |       |    34 ||    34
   Cast: Sting             |    11 |     1 ||    12
         Poisonous Vapours |    20 |    18 ||    38
    Use: Scroll            |       |     2 ||     2
         Potion            |       |     1 ||     1
   Stab: Sleeping          |     5 |       ||     5
 Armour: Skin              |     3 |    11 ||    14
  Dodge: Dodged            |    49 |    27 ||    76

Table legend: (Time is in decaauts)
 A = Elapsed time spent in this place.
 B = Non-inter-level travel time spent in this place.
 C = Inter-level travel time spent in this place.
 D = Time resting spent in this place.
 E = Time spent auto-exploring this place.
 F = Levels seen in this place.
 G = Mean time per level.
                   A        B        C        D        E       F      G
               +--------+--------+--------+--------+--------+-----+--------+
         Total |   2984 |   2925 |     59 |    627 |   1937 |   3 |  994.7 |
       Dungeon |   2984 |   2925 |     59 |    627 |   1937 |   3 |  994.7 |
               +--------+--------+--------+--------+--------+-----+--------+

Top non-repeatable levels by time:
     D:2: 1862 daAuts
     D:1: 981 daAuts
     D:3: 140 daAuts
